 Dungeon Crawl Stone Soup version 0.28.0-47-ge53b351184 (webtiles) character file.

Game seed: 18147223909778503577

48 RatsInWalls the Ruffian (level 3, -5/36 HPs)
             Began as a Troll Monk on May 10, 2022.
             Slain by an orc
             ... wielding a +0 war axe
              (6 damage)
             ... on level 2 of the Dungeon.
             The game lasted 00:01:35 (990 turns).

RatsInWalls the Ruffian (Troll Monk)                 Turns: 990, Time: 00:01:36

Health: -5/36      AC:  4    Str: 21    XL:     3   Next: 50%
Magic:  2/2        EV: 10    Int:  6    God:
Gold:   25         SH:  0    Dex: 12    Spells: 2/2 levels left

rFire   . . .      SeeInvis .     - Unarmed
rCold   . . .      Faith    .   (no shield)
rNeg    . . .      Spirit   .   a - +0 robe
rPois   .          Reflect  .   (helmet restricted)
rElec   .          Harm     .   (no cloak)
rCorr   .          Rampage  .   (gloves unavailable)
Will    .....                   (boots unavailable)
Stlth   ++........              (no amulet)
HPRegen 0.92/turn               (no ring)
MPRegen 0.08/turn               (no ring)

@: no status effects
A: large, unfitting armour, claws 3, regeneration 1, shaggy fur 1, tough skin 1
a: no special abilities


You were on level 2 of the Dungeon.
You visited 1 branch of the dungeon, and saw 2 of its levels.

You collected 25 gold pieces.

Inventory:

Armour
 a - a +0 robe (worn)
Scrolls
 d - a scroll of vulnerability {unknown}
 e - a scroll of summoning {unknown}
 g - a scroll of identify {unknown}
 h - a scroll of teleportation {unknown}
 i - a scroll of torment {unknown}
Potions
 b - 2 potions of haste {unknown}
 c - a potion of ambrosia {unknown}
 f - a potion of attraction {unknown}


   Skills:
 + Level 2.9 Fighting
 - Level 2.4 Dodging
 - Level 1.0 Stealth
 * Level 4.1 Unarmed Combat


You had 2 spell levels left.
You didn't know any spells.
Your spell library was empty.

Dungeon Overview and Level Annotations

Branches:
Dungeon (2/15)

Altars:

Shops:
D:1 :


Innate Abilities, Weirdness & Mutations

You are too large for most types of armour.
You have claws for hands.
Your natural rate of healing is unusually fast.
You are covered in fur. (AC +1)
You have tough skin. (AC +1)


Message History

There is a stone staircase leading up, spattered with blood here.
You claw the orc!
You kill the orc!
No target in view!
Things that are here:
a +0 flail; an orc corpse The orc misses you.
The orc priest hits you but does no damage.
The orc barely misses you.
You scratch the orc priest.
The orc priest is lightly wounded.
The orc hits you with a +0 short sword. The orc priest barely misses you.
You claw the orc priest!
The orc priest is severely wounded.
The orc barely misses you.
The orc priest calls down the wrath of Beogh upon you.
Pain shoots through your body! The orc barely misses you.
You scratch the orc priest but do no damage.
The orc priest is severely wounded.
The orc closely misses you.
The orc priest hits you with a +0 dagger.
The orc hits you with a +0 short sword.
You scratch the orc priest but do no damage.
The orc priest is severely wounded.
The orc hits you with a +0 war axe.
You are too injured to fight recklessly!
You scratch the orc priest.
The orc priest is almost dead.
The orc priest invokes the aid of Beogh against you.
Pain shoots through your body!
* * * LOW HITPOINT WARNING * * *
The orc hits you with a +0 short sword.
* * * LOW HITPOINT WARNING * * *
The orc hits you but does no damage.
You scratch the orc priest.
You kill the orc priest!
The orc hits you with a +0 short sword.
* * * LOW HITPOINT WARNING * * *
The orc hits you with a +0 war axe.
You die...

#.........# #.........#
#.........############
#.$..................##
##..........#########..#
.......^...........###.#
##..)........≈...≈..##.# #
...<#............o..$#.## #
.####...........@o..⌠#..# # .
...............)..$#..#########
#
####....#..≈...≈..##...........
......#........###.######....
......##.#########..# #....
......##.. ...## #.... ... ##
#### #####


You could see 2 orcs.

Vanquished Creatures
  An orc priest (D:2)
  A worm (D:1)
  2 dart slugs (D:1)
  3 orcs
  4 ball pythons (D:1)
  A bat (D:1)
  2 endoplasms (D:1)
  2 giant cockroaches (D:1)
  2 hobgoblins (D:1)
  2 jackals (D:1)
  3 kobolds (D:1)
  A quokka (D:1)
  A frilled lizard (D:1)
  5 goblins
  6 rats
36 creatures vanquished.

Notes
Turn   | Place    | Note
-------+----------+-------------------------------------------
     0 | D:1      | RatsInWalls the Troll Monk began the quest for the Orb.
     0 | D:1      | Reached XP level 1. HP: 22/22 MP: 0/0
    78 | D:1      | Reached XP level 2. HP: 22/29 MP: 1/1
   232 | D:1      | Found a faded altar of an unknown god.
   326 | D:1      | Found Valucvaps's Book Emporium.
   352 | D:1      | Reached XP level 3. HP: 36/36 MP: 2/2
   552 | D:1      | Reached skill level 4 in Unarmed Combat
   990 | D:2      | HP: 1/36 [orc/+0 short sword (4)]
   990 | D:2      | Slain by an orc

Illustrated notes

Levels and vault maps discovered:
D:1:      dpeg_cavernosity, layout_loops_ring, serial_shops, shop,
          shapermc_ecumenical_altar_petra, minmay_ruptured
D:2:      cheibrodos_pilgrimage, layout_basic

Skill      XL: |  1  2  3 |
---------------+----------+-----
Unarmed Combat | 4 |  4.1
Fighting       | |  2.9
Dodging        | |  2.4
Stealth        | |  1.0

Action                   || total
-------------------------++-------
Melee: Unarmed           ||    83
       Punch             ||     3
 Stab: Sleeping          ||     6
Armor: Robe              ||    28
Dodge: Dodged            ||    40
